 Dungeon Crawl Stone Soup version 0.26.1-11-gd32895ea62 (webtiles) character file.

Game seed: 17048659283553212647

58 H0rd4k the Insei (level 4, 0/28 HPs)
             Began as an Octopode Transmuter on May 6, 2021.
             Killed from afar by Natasha (6 damage)
             ... with a magic dart
             ... on level 2 of the Dungeon.
             The game lasted 00:01:22 (1930 turns).

H0rd4k the Insei (Octopode Transmuter)              Turns: 1930, Time: 00:01:23

Health: 0/28       AC:  1    Str:  9    XL:     4   Next: 1%
Magic:  7/7        EV:  9    Int: 16    God:
Gold:   51         SH:  0    Dex: 12    Spells: 3/7 levels left

rFire    + . .     SeeInvis .     - Unarmed
rCold    . . .     Faith    .   (no shield)
rNeg     . . .     Spirit   .   (helmet restricted)
rPois    .         Reflect  .   (no amulet)
rElec    .         Harm     .   i - -4 ring of evasion (curse)
rCorr    .         Rampage  .   d - ring of protection from fire
Will     .....                  (no ring)
Stlth    ++........             (no ring)
HPRegen  0.09/turn              (no ring)
MPRegen  0.10/turn              (no ring)
                                (no ring)
                                (no ring)

@: no status effects
A: almost no armour, stealthy swim, amphibious, 8 rings, constrict 8, camouflage
1, gelatinous body 1
a: no special abilities


You were on level 2 of the Dungeon.
You visited 1 branch of the dungeon, and saw 2 of its levels.

You collected 51 gold pieces.

Inventory:

Jewellery
 d - a ring of protection from fire (right tentacle)
 i - a cursed -4 ring of evasion (left tentacle)
Potions
 a - 2 potions of haste {unknown}
 b - 2 potions of lignification {unknown}
 c - 2 potions of heal wounds {unknown}
 e - 2 potions of ambrosia
 f - a potion of attraction {unknown}


   Skills:
 + Level 1.1 Fighting
 + Level 2.4 Dodging
 + Level 0.4 Stealth
 + Level 4.1 Unarmed Combat
 * Level 2.2 Spellcasting
 * Level 2.1 Transmutations
 * Level 0.6 Poison Magic


You had 3 spell levels left.
You knew the following spells:

 Your Spells              Type           Power        Failure   Level
a - Beastly Appendage     Tmut           16%          9%          1
b - Spider Form           Tmut/Pois      3%           34%         3

Your spell library contained the following spells:

 Spells                   Type           Power        Failure   Level
 Wereblood                Tmut           8%           13%         2
 Ice Form                 Ice/Tmut       5%           78%         4
 Blade Hands              Tmut           4%           93%         5


Dungeon Overview and Level Annotations

Branches:
Dungeon (2/15)

Altars:
Kikubaaqudgha

Annotations:
D:2 1 runed translucent door, Crazy Yiuf, Natasha


Innate Abilities, Weirdness & Mutations

You cannot wear most types of armour.
You are very stealthy in the water. (Stealth+)
You are amphibious.
You can wear up to eight rings at the same time.
You can use your tentacles to constrict eight enemies at once.
Your skin changes colour to match your surroundings (Stealth+).
Your rubbery body absorbs attacks. (AC +1, EV +1)


Message History

You barely miss Natasha. Your grab misses Natasha.
Natasha is lightly wounded.
Natasha hisses.
Natasha claws you.
You barely miss Natasha. Your grab misses Natasha.
Natasha is lightly wounded.
Natasha claws you.
You closely miss Natasha. Your grab misses Natasha.
Natasha is lightly wounded.
Natasha claws you!
You closely miss Natasha. Your grab misses Natasha. You squeeze Natasha!
Natasha is almost dead.
Natasha claws you.
* * * LOW HITPOINT WARNING * * *
You closely miss Natasha. You grab Natasha.
Natasha is almost dead.
You constrict Natasha. Natasha casts a spell at you. The magic dart hits you.
You die...

#..# .#. ####..# #.#
......# #.# .###.##
#####.##### .##..#
#.........#
.#...#######.###...#.##
...÷...<(....<(.†.....+
.#...#######.###h..#.##
.##.##### #.##.@.##.#
.####...# #.........#
........# ####.######
#####...# #.# ##.## #.#
#(# #.# #.# #.# #)# #.#
######.# #.#


You could see Natasha.

Vanquished Creatures
  Natasha (D:2)
  An ooze (D:1)
  2 dart slugs (D:2)
  A leopard gecko (D:1)
  2 giant cockroaches
  3 goblins (D:1)
  3 hobgoblins
  2 kobolds
  A quokka (D:2)
  3 bats (D:1)
  5 rats
24 creatures vanquished.

Notes
Turn   | Place    | Note
-------+----------+-------------------------------------------
     0 | D:1      | H0rd4k the Octopode Transmuter began the quest for the Orb.
     0 | D:1      | Reached XP level 1. HP: 13/13 MP: 3/3
   334 | D:1      | Reached XP level 2. HP: 12/18 MP: 5/5
  1544 | D:2      | Found an ancient bone altar of Kikubaaqudgha.
  1556 | D:2      | Reached XP level 3. HP: 23/23 MP: 6/6
  1560 | D:2      | Learned a level 3 spell: Spider Form
  1670 | D:2      | Noticed Natasha
  1676 | D:2      | Killed Natasha
  1677 | D:2      | Reached skill level 4 in Unarmed Combat
  1871 | D:2      | Reached XP level 4. HP: 28/28 MP: 7/7
  1897 | D:2      | Found a runed translucent door.
  1898 | D:2      | Noticed Crazy Yiuf
  1922 | D:2      | Noticed Natasha
  1930 | D:2      | Killed from afar by Natasha

Illustrated notes

Levels and vault maps discovered:
D:1:      dpeg_arrival_solitude, layout_loops_ring
D:2:      layout_loops_corners, kiku_gazebo_pond_becter,
          chequers_serial_rivers_small_a, uniq_jessica, uniq_crazy_yiuf_cottage,
          uniq_natasha

Skill      XL: |  1  2  3 |
---------------+----------+-----
Unarmed Combat | 4 |  4.1
Fighting       | |  1.1
Dodging        | |  2.4
Stealth        | |  0.4
Spellcasting   | |  2.2
Transmutations | |  2.1
Poison Magic   | |  0.6

Action                   |  1- 3 |  4- 6 || total
-------------------------+-------+-------++-------
Melee: Unarmed           |    69 |     7 ||    76
       Constrict         |    18 |     1 ||    19
       Tentacles         |     9 |     2 ||    11
  Use: Scroll            |     2 |       ||     2
 Stab: Sleeping          |     3 |       ||     3
Armor: Skin              |     9 |       ||     9
Dodge: Dodged            |    35 |     1 ||    36
